Unix NetHack Version 3.7.0-86 Work-in-progress - last build May 30 2023 01:50:43 (cc98dc9aa62a9957b082a042edf5bd7ec9f632c7,branch:master). Game began 2023-06-10 22:03:25, ended 2023-06-11 20:31:30. Minoru, lawful male human Samurai ooo o q | l |. ----- |......i )[-@.^| |. |.?.| -- |)..| ----- Minoru the Ronin St:9 Dx:17 Co:18 In:10 Wi:8 Ch:9 Lawful S:1540 Dlvl:5 $:104 HP:0(59) Pw:18(18) AC:3 Xp:5/309 T:2572 Burdened Blind Latest messages: What do you want to drop? [$a-fioprvwyHI or ?*] y You drop a white gem. What do you want to drop? [$a-fioprvwHI or ?*] I You drop a scroll labeled PRATYAVAYAH. What do you want to drop? [$a-fioprvwH or ?*] p You drop a scroll labeled XOR OTA. Pick an object. There is a staircase up to level 4 here. You see here a shito. There are many objects here. You miss the Mordor orc. The Mordor orc misses! You miss the Mordor orc. You hit the Mordor orc! Your hands no longer glow so brightly red. The Mordor orc appears confused. Hachi picks up a shito. The Mordor orc hits! The manes zaps a runed wand! The bolt of lightning hits it. The Mordor orc is killed by the bolt of lightning! The bolt of lightning hits you! You are blinded by the flash! It's solid stone. It's solid stone. You hit the Mordor orc. Your hands stop tingling. You hit the Mordor orc. You miss the Mordor orc. You feel more confident in your weapon skills. You kill the Mordor orc! You hear a nearby zap. The bolt of lightning hits you! You have a sad feeling for a moment, then it passes. You are now more skilled in long sword. You try to feel what is lying here on the ground. There are several objects here. You try to feel what is lying here on the ground. There are many objects here. There is a staircase up to level 4 here. You try to feel what is lying here on the stairs. You feel here a shito. You hear a nearby zap. The bolt of lightning hits you! You die... Do you want your possessions identified? [ynq] (y) y Do you want to see your attributes? [ynq] (y) y Do you want an account of creatures vanquished? [ynaq] (y) y Do you want to see your conduct and achievements? [ynq] (y) y Do you want to see the dungeon overview? [ynq] (y) y Inventory: Coins $ - 104 gold pieces Weapons H - 7 +0 arrows r - 8 cursed -3 arrows d - 15 +0 ya (in quiver) c - a +0 yumi (alternate weapon; not wielded) a - a +0 katana (weapon in hand) b - a +0 wakizashi Armor i - an uncursed +0 orcish helm (being worn) e - an uncursed rustproof +0 splint mail (being worn) Comestibles w - 3 uncursed gunyoki v - an uncursed tripe ration f - 3 uncursed lichen corpses o - 3 uncursed lichen corpses Minoru the Samurai's attributes: Background: You were a Ronin, a level 5 male human Samurai. You were lawful, on a mission for Amaterasu Omikami who was opposed by Raijin (neutral) and Susanowo (chaotic). You were in the Dungeons of Doom, on level 5. You entered the dungeon 2572 turns ago. You had 309 experience points, 11 more were needed to attain level 6. Your score was 1540 before end-of-game adjustments. Basics: You had 0 out of 59 hit points. You had all 18 energy points (spell power). Your armor class was 3. Your wallet contained 104 zorkmids. Autopickup was off. Final Characteristics: Your strength was 9 (peak:13, limit:18/100). Your dexterity was 17 (limit:18). Your constitution was 18 (limit:18). Your intelligence was 10 (limit:18). Your wisdom was 8 (limit:18). Your charisma was 9 (limit:18). Final Status: You were temporarily blind. You were not hungry. You were burdened; movement was slightly slowed. You were wielding a long sword. You were skilled in long sword. Final Attributes: You were piously aligned. You were telepathic. You were warded. You were fast. You are dead. Miscellaneous: You never encountered a bones level. Total elapsed playing time was 1 hour, 5 minutes and 42 seconds. Major events: Turn 1: Minoru the lawful male human Samurai entered the dungeon 794: attained the rank of Ronin (level 3) 2572: killed by a bolt of lightning zapped by a manes Vanquished creatures: a small mimic 2 leprechauns an imp 8 Mordor orcs a rock piercer a shrieker a little dog a floating eye a rothe a rabid rat a giant bat 2 iguanas a coyote 2 manes a large kobold 2 yellow molds a gecko 5 jackals a fox 2 kobolds 2 goblins 2 grid bugs 7 lichens a kobold zombie 4 newts 52 creatures vanquished. No species were genocided or became extinct. Voluntary challenges: You read items or engraved 8 times. You never engraved Elbereth. You never genocided any monsters. You never polymorphed an object. You never changed form. You used no wishes. Achievements: You attained the rank of Ronin. You entered a shop. The Dungeons of Doom: levels 1 to 5 Level 1: An altar to Amaterasu Omikami. Level 2: Level 3: A fountain, a sink. Level 4: A general store, a fountain, a grave. Level 5: <- You were here. Final resting place for you, killed by a bolt of lightning zapped by a manes. The Tutorial: Level 1: A tree. Game over: ---------- / \ / REST \ / IN \ / PEACE \ / \ | Minoru | | 104 Au | | killed by a bolt | | of lightning | | zapped by a | | manes | | 2023 | *| * * * | * _________)/\\_//(\/(/\)/\//\/|_)_______ Sayonara Minoru the Samurai... You died in The Dungeons of Doom on dungeon level 5 with 1530 points, and 104 pieces of gold, after 2572 moves. You were level 5 with a maximum of 59 hit points when you died.